 Dungeon Crawl Stone Soup version 0.28.0-45-g0d030f2227 (webtiles) character file.

Game seed: 15179014352487668141

3555 MalarOregon the Skirmisher (level 9, -1/109 HPs)
             Began as a Palentonga Fighter on Apr 22, 2022.
             Was a Priest of Vehumet.
             Slain by a hornet zombie (11 damage)
             ... on level 8 of the Dungeon.
             The game lasted 00:21:49 (11105 turns).

MalarOregon the Skirmisher (Palentonga Fighter)    Turns: 11105, Time: 00:21:50

Health: -1/109     AC: 15    Str: 20    XL:     9   Next: 83%
Magic:  15/16      EV: 10    Int: 13    God:    Vehumet [***...]
Gold:   320        SH:  5    Dex: 15    Spells: 3/17 levels left

rFire   . . .      SeeInvis +   a - +2 dagger (drain)
rCold   . . .      Faith    .   c - +0 buckler
rNeg    + . .      Spirit   .   o - +0 robe {rN+}
rPois   .          Reflect  .   (no helmet)
rElec   .          Harm     .   q - +0 cloak
rCorr   .          Rampage  .   r - +2 pair of gloves
Will    .....                   (no barding)
Stlth   ..........              (no amulet)
HPRegen 0.28/turn               g - +6 ring of dexterity
MPRegen 0.15/turn               (no ring)

@: berserking, studying Short Blades, curled up, very quick
A: large, rugged brown scales 3, see invisible, deformed body, roll 1, armoured
tail, reflexive curl
a: Rolling Charge, Renounce Religion


You were on level 8 of the Dungeon.
You worshipped Vehumet.
Vehumet was most pleased with you.
You visited 2 branches of the dungeon, and saw 9 of its levels.
You also visited: Ossuary.

You collected 320 gold pieces.


Innate Abilities, Weirdness & Mutations

You are completely covered in rugged brown scales. (AC +3, +7% HP)
You have supernaturally acute eyesight. (SInv)
Armour fits poorly on your strangely shaped body.
You can roll at nearby foes to attack.
You have a long armoured tail.
You curl defensively after being hit. (AC +7*)


   Skills:
 * Level 6.3 Fighting
 + Level 5.1 Short Blades
 + Level 5.5 Axes
 * Level 5.2 Armour
 + Level 2.8 Dodging
 * Level 5.2 Shields
 * Level 4.6 Spellcasting
 + Level 2.9 Conjurations
 + Level 2.4 Poison Magic


You had 3 spell levels left.
You knew the following spells:

 Your Spells              Type           Power      Damage    Failure   Level
a - Magic Dart            Conj           40%        1d5       1%          1
f - Mephitic Cloud        Conj/Pois/Air  7%         N/A       9%          3
q - Sticky Flame          Conj/Fire      6%         2d3       30%         4
x - Poisonous Vapours     Pois/Air       12%        N/A       6%          2
y - Olgreb's Toxic Radia  Pois           9%         N/A       21%         4

Your spell library contained the following spells:

 Spells                   Type           Power      Damage    Failure   Level
 Sandblast                Erth           6%         2d5       7%          1
 Dazzling Flash           Conj/Hex       12%        N/A       11%         3
 Stone Arrow              Conj/Erth      12%        3d7       11%         3
 Passwall                 Tmut/Erth      2%         N/A       34%         2
 Ozocubu's Armour         Ice            3%         N/A       56%         3
 Iskenderun's Mystic Bla  Conj/Tloc      6%         2d4       30%         4
 Passage of Golubria      Tloc           3%         N/A       93%         4
 Agony                    Necr           3%         N/A       100%        5
 Metabolic Englaciation   Hex/Ice        1%         N/A       100%        5
 Silence                  Hex/Air        1%         N/A       100%        5
 Simulacrum               Ice/Necr       1%         N/A       100%        6

Inventory:

Hand Weapons
 a - a +2 dagger of draining (weapon)
   (You took it off Dowan on level 5 of the Dungeon)
 b - a +1 falchion of holy wrath
   (You found it on level 6 of the Dungeon)
 w - a +3 flail
   (You took it off a wight on level 5 of the Dungeon)
Missiles
 i - 4 poisoned darts
Armour
 c - a +0 buckler (worn)
 o - a +0 robe of positive energy (worn)
   (You found it on level 5 of the Dungeon)
 q - a +0 cloak (worn)
   (You found it on level 6 of the Dungeon)
 r - a +2 pair of gloves (worn)
   (You found it on level 8 of the Dungeon)
Jewellery
 g - a +6 ring of dexterity (left hand)
   (You found it on level 7 of the Dungeon)
Wands
 d - a wand of iceblast (11)
   (You found it on level 6 of the Dungeon)
 v - a wand of digging (1)
   (You found it on level 5 of the Dungeon)
Scrolls
 f - 2 scrolls of enchant armour
 h - 4 scrolls of blinking
 j - a scroll of vulnerability {unknown}
 k - a scroll of immolation {!r}
 l - 5 scrolls of teleportation {@r4}
 p - 2 scrolls of fog
 t - 3 scrolls of enchant weapon
 y - a scroll of magic mapping
 z - a scroll of silence
Potions
 m - a potion of brilliance
 n - a potion of cancellation
 s - 2 potions of lignification {!q}
 x - a potion of might

Dungeon Overview and Level Annotations

Branches:
Dungeon (8/15)             Temple (1/1) D:7         Ossuary (visited)
   Lair: D:8-11

Altars:
Ashenzari
Cheibriados
Dithmenos
Elyvilon
Fedhas
Gozag
Hepliaklqana
Kikubaaqudgha
Makhleb
Nemelex Xobeh
Okawaru
Qazlal
Ru
Sif Muna
Trog
Uskayaw
Vehumet
Wu Jian
Xom
Yredelemnul
Zin
The Shining One

Annotations:
D:5 3 runed translucent doors, PanSaczeczos's ghost, weakling DrDe; SHADDY's ghost, novice DEAE

#........# +........#
#........# #..../...#
#........# +..<.....#
#...))o[.# #...Z@)..#
#........# #........#
#........# ########
#........######.......
#...................[.
#.....................
#.....................
#..............###'###


You could see an orc and a hornet zombie.


Message History

The orc shouts!
You hit the orc. The orc misses you.
You hit the orc. You drain the orc.
You kill the orc!
Vehumet accepts your kill.
No target in view!
Things that are here:
a +0 whip; a +0 scale mail You now have 320 gold pieces (gained 13).
You open the door.
Found a pair of glowing gloves.
There is an open door here.
r - a +2 pair of gloves You start putting on your armour.
You continue putting on your +2 pair of gloves. x4
You finish putting on your +2 pair of gloves.
Okay, then.
Unknown command.
As you open the door, it creaks loudly!
Found a leather armour.
There is an open door here.
An orc priest comes into view. It is wielding a +0 club.
Found a leather armour.
Found a stone staircase leading up.
An orc wizard comes into view.
It is wielding a +0 dagger. 2 orcs come into view.
An orc is wielding a +1 hand axe of electrocution.
Found a wand of digging (6).
The orc priest shouts!
The orc shouts!
A hornet zombie comes into view.
Roll where?
Press: ? - help, Dir - move target, f - orc priest
Aim: an orc priest, wielding a +0 club and wearing a +0 ring mail You roll forward with a clatter of scales!
The orc shouts!
You hit the orc priest.
The orc priest hits you but does no damage.
You hit the orc priest. You drain the orc priest.
You block the orc priest's attack.
You barely miss the orc. You tail-slap the orc.
The orc priest closely misses you.
You barely miss the orc priest. The orc priest barely misses you.
The orc hits you but does no damage. The hornet zombie hits you!
You hit the orc wizard but do no damage.
The orc wizard hits you with a +0 dagger.
The orc priest calls down the wrath of Beogh upon you.
Beogh smites you!
You puncture the orc priest! The hornet zombie barely misses you.
The orc hits you but does no damage.
You hit the orc priest.
You kill the orc priest!
Vehumet accepts your kill.
The hornet zombie hits you but does no damage.
The orc hits you but does no damage.
Press: ? - help, v - describe, . - travel
Here: an orc, wielding a +1 hand axe of electrocution (heavily wounded)
The floor.
You hit the orc. The hornet zombie hits you.
The orc wizard casts a spell at you. The magic dart hits you.
The orc hits you with a +1 hand axe of electrocution.
The orc barely misses you.
You closely miss the orc. You tail-slap the orc.
You kill the orc!
Vehumet accepts your kill. The hornet zombie hits you!
* * * LOW HITPOINT WARNING * * *
The orc wizard hits you but does no damage.
You hit the orc wizard. You drain the orc wizard. You tail-slap the orc wizard.
The hornet zombie closely misses you. The orc hits you but does no damage.
The orc wizard casts a spell at you.
You easily resist.
Unknown command.
You hit the orc wizard. The hornet zombie closely misses you.
The orc hits you but does no damage.
You closely miss the orc wizard. The hornet zombie hits you!
* * * LOW HITPOINT WARNING * * *
The orc wizard hits you but does no damage.
The orc hits you with a +0 whip.
* * * LOW HITPOINT WARNING * * *
You barely miss the orc wizard. You block the hornet zombie's attack.
The orc wizard closely misses you. The orc hits you with a +0 whip.
* * * LOW HITPOINT WARNING * * *
You hit the orc wizard.
You kill the orc wizard!
Vehumet accepts your kill. The hornet zombie hits you.
* * * LOW HITPOINT WARNING * * *
You completely miss the orc. The hornet zombie barely misses you.
The orc closely misses you.
You barely miss the orc. The hornet zombie hits you.
* * * LOW HITPOINT WARNING * * *
You block the orc's attack.
You completely miss the orc. The hornet zombie hits you.
* * * LOW HITPOINT WARNING * * *
The orc barely misses you.
A red film seems to cover your vision as you go berserk!
You feel yourself moving faster!
You feel mighty! You block the hornet zombie's attack.
The orc barely misses you.
You completely miss the orc. The hornet zombie hits you!
You die...

Skill      XL: |  1  2  3  4  5  6  7  8  9 |
---------------+----------------------------+-----
Short Blades   | 1 2 3 4 5 |  5.1
Axes           | 3 4 5 |  5.5
Armour         | 3 4 5 |  5.2
Dodging        | 1 2 |  2.8
Shields        | 3 4 5 |  5.2
Spellcasting   | 1 2 3 4 |  4.6
Fighting       | 4 5 6 |  6.3
Conjurations   | 1 2 |  2.9
Poison Magic   | 1 2 |  2.4

Action                   |  1- 3 |  4- 6 |  7- 9 || total
-------------------------+-------+-------+-------++-------
Melee: War axe           |    71 |   113 |   170 ||   354
       Tailslap          |     5 |     6 |    68 ||    79
       Dagger            |       |       |   205 ||   205
       Unarmed           |       |       |     9 ||     9
       Falchion          |       |       |    74 ||    74
       Flail             |       |       |    20 ||    20
Throw: Dart              |       |     2 |    20 ||    22
 Cast: Magic Dart        |       |     1 |     3 ||     4
 Abil: Rolling Charge    |     1 |    12 |    29 ||    42
  Use: Potion            |     1 |     2 |     8 ||    11
       Scroll            |       |       |    15 ||    15
Armor: Scale mail        |    62 |    59 |    72 ||   193
       Skin              |       |     7 |     5 ||    12
       Robe              |       |       |   103 ||   103
Dodge: Dodged            |    25 |    32 |   197 ||   254
Block: Buckler           |    20 |    26 |    78 ||   124

Levels and vault maps discovered:
D:1:      dpeg_arrival_central, layout_basic, shapermc_ecumenical_altar_gd,
          kennysheep_small_spiral
D:2:      layout_basic, basic_altar, uniq_sigmund, uniq_natasha
D:3:      minmay_recursive_quarters, layout_basic, makhleb_altar_promises_db,
          mainiacjoe_overflow_concentric_impassable, uniq_grinder, uniq_terence
D:4:      layout_loops_corners, okawaru_gym_becter
D:5:      layout_loops_ring, nicolae_kikubaaqudgha_miasma_corner,
          gammafunk_ghost_cemetery, minmay_misc_feat_columns,
          kennysheep_big_empty_room, uniq_duvessa, uniq_edmund
D:6:      layout_loops_ring, lemuel_round_altar
D:7:      layout_rooms, mainiacjoe_overflow_surrounded_room,
          mainiacjoe_overflow_alcove_2, minmay_temple_entry_glassed_door,
          enter_ossuary_3, chequers_serial_rivers_micro_e
D:8:      layout_gridville
Temple:   eino_wide_crystal_templ

Notes
Turn   | Place    | Note
-------+----------+-------------------------------------------
     0 | D:1      | MalarOregon the Palentonga Fighter began the quest for the
                  | Orb.
     0 | D:1      | Reached XP level 1. HP: 19/19 MP: 1/1
    41 | D:1      | Found a faded altar of an unknown god.
   371 | D:1      | Reached XP level 2. HP: 22/25 MP: 2/2
  1208 | D:1      | Prayed at the altar of an unknown god.
  1208 | D:1      | Became a worshipper of Vehumet
  1208 | D:1      | Reached * piety under Vehumet
  1208 | D:1      | Offered knowledge of Magic Dart by Vehumet.
  1255 | D:2      | Noticed Natasha
  1258 | D:2      | Killed Natasha
  1259 | D:2      | Reached skill level 1 in Short Blades
  1259 | D:2      | Reached XP level 3. HP: 26/31 MP: 3/3
  1437 | D:2      | Found a burning altar of Makhleb.
  1464 | D:2      | Noticed Natasha
  1467 | D:2      | Killed Natasha
  1468 | D:2      | Reached XP level 4. HP: 37/37 MP: 4/4
  1664 | D:2      | Noticed Sigmund
  1676 | D:2      | Killed Sigmund
  1677 | D:2      | Reached skill level 2 in Short Blades
  1677 | D:2      | Reached skill level 3 in Axes
  1677 | D:2      | Reached skill level 3 in Armour
  1677 | D:2      | Reached skill level 1 in Dodging
  1677 | D:2      | Reached skill level 3 in Shields
  1677 | D:2      | Reached skill level 1 in Spellcasting
  1677 | D:2      | Reached XP level 5. HP: 38/44 MP: 5/7
  1788 | D:2      | Learned a level 1 spell: Magic Dart
  1842 | D:2      | Noticed Natasha
  1852 | D:2      | Killed Natasha
  1853 | D:2      | Reached XP level 6. HP: 27/51 MP: 8/8
  2622 | D:3      | Noticed Grinder
  2638 | D:3      | Killed Grinder
  2639 | D:3      | Reached skill level 4 in Fighting
  2639 | D:3      | Reached skill level 2 in Spellcasting
  2696 | D:3      | HP: 12/51 [adder (3)]
  2734 | D:3      | Noticed a sky beast
  2968 | D:3      | Reached ** piety under Vehumet
  2980 | D:3      | Noticed Terence
  2986 | D:3      | Killed Terence
  2987 | D:3      | Gained mutation: You curl defensively after being hit. (AC
                  | +7*) [Palentonga growth]
  2987 | D:3      | Reached XP level 7. HP: 37/57 MP: 10/10
  3106 | D:3      | You add the spells Poisonous Vapours, Iskenderun's Mystic
                  | Blast, Olgreb's Toxic Radiance and Passage of Golubria to
                  | your library.
  3106 | D:3      | Got Ipyurhuo's Compendium of Noxious Orientation
  3110 | D:3      | Learned a level 2 spell: Poisonous Vapours
  3158 | D:3      | Found a burning altar of Makhleb.
  3158 | D:3      | Noticed a cacodemon
  3208 | D:3      | Offered knowledge of Scorch by Vehumet.
  3485 | D:3      | Found a snail-covered altar of Cheibriados.
  3705 | D:3      | Reached skill level 3 in Short Blades
  3973 | D:4      | Reached skill level 1 in Conjurations
  4239 | D:4      | Found an iron altar of Okawaru.
  4253 | D:4      | Reached skill level 4 in Axes
  4952 | D:4      | You pick up a book of Geomancy and begin reading...
  4952 | D:4      | You add the spells Sandblast, Passwall and Stone Arrow to
                  | your library.
  5148 | D:5      | Entered Level 5 of the Dungeon
  5372 | D:5      | Reached XP level 8. HP: 64/65 MP: 4/12
  5399 | D:5      | Reached skill level 4 in Armour
  5399 | D:5      | Reached skill level 1 in Poison Magic
  5525 | D:5      | Found an ancient bone altar of Kikubaaqudgha.
  5538 | D:5      | Reached skill level 4 in Shields
  5541 | D:5      | Reached skill level 3 in Spellcasting
  5698 | D:5      | HP: 11/65 [water moccasin (8)]
  5705 | D:5      | HP: 24/97 [poisoned by a water moccasin]
  5706 | D:5      | Reached skill level 5 in Fighting
  5706 | D:5      | Reached skill level 2 in Dodging
  5710 | D:5      | HP: 20/99 [poisoned by a water moccasin]
  6243 | D:5      | Found a runed translucent gate.
  6243 | D:5      | Found a runed translucent gate.
  6244 | D:5      | Found a runed translucent gate.
  6248 | D:5      | Noticed SHADDY's ghost (novice DEAE)
  6248 | D:5      | Noticed PanSaczeczos's ghost (weakling DrDe)
  6297 | D:5      | Noticed Edmund
  6310 | D:5      | Killed Edmund
  6311 | D:5      | Reached skill level 4 in Short Blades
  6311 | D:5      | Reached skill level 2 in Conjurations
  6850 | D:5      | Noticed Duvessa
  6850 | D:5      | Noticed Dowan
  6882 | D:5      | Killed Duvessa
  6886 | D:5      | Killed Dowan
  7411 | D:6      | Reached skill level 5 in Axes
  7411 | D:6      | Reached XP level 9. HP: 40/72 MP: 14/14
  7717 | D:6      | You pick up a book of the Senses and begin reading...
  7717 | D:6      | You add the spells Dazzling Flash, Agony and Silence to
                  | your library.
  7734 | D:6      | Found a glowing silver altar of Zin.
  8134 | D:6      | Reached skill level 4 in Spellcasting
  8453 | D:6      | Offered knowledge of Mephitic Cloud by Vehumet.
  8553 | D:6      | Reached skill level 2 in Poison Magic
  8854 | D:6      | You pick up a book of Winter and begin reading...
  8854 | D:6      | You add the spells Ozocubu's Armour, Metabolic Englaciation
                  | and Simulacrum to your library.
  8859 | D:6      | Learned a level 3 spell: Mephitic Cloud
  8864 | D:6      | Learned a level 4 spell: Olgreb's Toxic Radiance
  9481 | D:7      | Reached *** piety under Vehumet
  9486 | D:7      | Reached skill level 6 in Fighting
  9486 | D:7      | Reached skill level 5 in Armour
  9527 | D:7      | Found a sand-covered staircase.
  9597 | Ossuary  | Entered an ossuary
  9700 | Ossuary  | Reached skill level 5 in Shields
  9826 | Ossuary  | Offered knowledge of Sticky Flame by Vehumet.
  9848 | Ossuary  | Learned a level 4 spell: Sticky Flame
 10030 | Ossuary  | HP: 13/73 [wraith (7)]
 10035 | Ossuary  | HP: 14/73 [wraith (12)]
 10038 | Ossuary  | Reached skill level 5 in Short Blades
 10404 | D:7      | Found a staircase to the Ecumenical Temple.
 10472 | D:7      | Found a white marble altar of Elyvilon.
 10856 | D:7      | Found a radiant altar of Vehumet.
 10986 | Temple   | Entered the Ecumenical Temple
 11100 | D:8      | HP: 16/73 [hornet zombie (6)]
 11103 | D:8      | HP: 6/73 [hornet zombie (6)]
 11105 | D:8      | Slain by a hornet zombie

Vanquished Creatures
  Grinder (D:3)
  Sigmund (D:2)
  A wraith (Ossuary)
  A steam dragon (D:6)
  Edmund (D:5)
  Duvessa (D:5)
  4 water moccasins
  2 sky beasts
  3 black bears
  A necrophage (D:5)
  A centaur (D:7)
  3 ogres
  A bullfrog (D:5)
  2 scorpions (D:5)
  Dowan (D:5)
  A wyvern skeleton (D:7)
  2 water moccasin skeletons
  5 wights
  2 centaur zombies
  3 hounds
  2 orc priests
  2 centaur skeletons
  A human zombie (Ossuary)
  A jelly (D:5)
  Terence (D:3)
  4 iguanas
  Natasha (thrice) (D:2)
  3 orc wizards
  A hound skeleton (D:5)
  3 mummies (Ossuary)
  7 adders
  A gnoll (D:3)
  A howler monkey skeleton (D:4)
  A white imp (D:3)
  An ufetubus (D:6)
  An adder skeleton (D:4)
  A worm (D:2)
  A dart slug (D:3)
  12 orcs
  3 ball pythons
  3 endoplasms
  5 giant cockroaches
  7 goblins
  6 hobgoblins
  4 jackals (D:1)
  5 kobolds
  6 quokkas
  7 bats
  2 frilled lizards
  7 goblin zombies
  2 hobgoblin zombies (Ossuary)
  A jackal zombie (D:7)
  3 kobold zombies (Ossuary)
  2 orc zombies (Ossuary)
  5 rats
152 creatures vanquished.

Vanquished Creatures (others)
  6 withered plants (D:5)
6 creatures vanquished.

Grand Total: 158 creatures vanquished

Table legend:
 A = Non-vault XP
 B = Vault XP
 C = Vault XP percentage of total XP
 D = Non-vault monster count
 E = Vault monster count
 F = Vault count percentage of total count
                 A         B        C        D         E       F
            +---------+---------+-------+---------+---------+-------
      Total |    3772 |    1307 |  25.7 |     118 |      34 |  22.4
            +---------+---------+-------+---------+---------+-------
        D:1 |      34 |       0 |   0.0 |      20 |       0 |   0.0
        D:2 |     108 |     258 |  70.5 |      15 |       2 |  11.8
        D:3 |     206 |     339 |  62.2 |      18 |       9 |  33.3
        D:4 |     276 |       0 |   0.0 |      13 |       0 |   0.0
        D:5 |    1122 |     377 |  25.2 |      16 |       3 |  15.8
        D:6 |    1304 |       0 |   0.0 |      16 |       0 |   0.0
        D:7 |     637 |       2 |   0.3 |      16 |       2 |  11.1
        D:8 |      85 |       0 |   0.0 |       4 |       0 |   0.0
    Ossuary |       0 |     331 | 100.0 |       0 |      18 | 100.0
            +---------+---------+-------+---------+---------+-------

Illustrated notes

Table legend:
 A = Kills in this place as a percentage of kills in entire the game.
 B = Kills by you in this place as a percentage of kills by you in the entire game.
 C = Kills by friends in this place as a percentage of kills by friends in the entire game.
 D = Other kills in this place as a percentage of other kills in the entire game.
 E = Experience gained in this place as a percentage of experience gained in the entire game.
 F = Experience gained in this place divided by the number of levels of this place that you have seen.
                   A       B       C       D       E      F
               +-------+-------+-------+-------+-------+----------------------
         Total | 100.0 | 100.0 |   N/A |   N/A | 100.0 | 507.9
       Dungeon |  88.2 |  88.2 |   N/A |   N/A |  93.5 | 593.5
       Ossuary |  11.8 |  11.8 |   N/A |   N/A |   6.5 | 331.0
               +-------+-------+-------+-------+-------+----------------------

Table legend: (Time is in decaauts)
 A = Elapsed time spent in this place.
 B = Non-inter-level travel time spent in this place.
 C = Inter-level travel time spent in this place.
 D = Time resting spent in this place.
 E = Time spent auto-exploring this place.
 F = Levels seen in this place.
 G = Mean time per level.
                   A        B        C        D        E       F      G
               +--------+--------+--------+--------+--------+-----+--------+
         Total |  11260 |  10503 |    757 |   1919 |   6893 |  10 | 1126.0 |
       Dungeon |  10379 |   9629 |    750 |   1662 |   6462 |   8 | 1297.4 |
        Temple |     52 |     45 |      7 |      0 |     32 |   1 |   52.0 |
       Ossuary |    828 |    828 |      0 |    257 |    399 |   1 |  828.0 |
               +--------+--------+--------+--------+--------+-----+--------+

Top non-repeatable levels by time:
     D:5: 2490 daAuts
     D:6: 1650 daAuts
     D:3: 1577 daAuts
     D:1: 1326 daAuts
     D:4: 1297 daAuts
     D:2: 1206 daAuts
 Ossuary: 828 daAuts
     D:7: 778 daAuts
  Temple: 52 daAuts
     D:8: 52 daAuts
